 Dungeon Sprint DCSS version 0.27.1 (webtiles) character file.

Game seed: 18131400283922841304

7275 styxcanada the Imperceptible (level 10, -16/55 HPs)
             Began as a Spriggan Brigand on Aug 30, 2021.
             Was an Initiate of Gozag.
             Demolished by a spriggan berserker (33 damage)
             ... in the Dungeon (Sprint IV: "Fedhas' Mad Dash").
             The game lasted 00:08:39 (955 turns).

styxcanada the Imperceptible (Spriggan Brigand)      Turns: 955, Time: 00:08:40

Health: -16/55     AC:  3    Str:  5    XL:     10   Next: 89%
Magic:  1/19       EV: 32    Int: 19    God:    Gozag
Gold:   942        SH: 12    Dex: 31    Spells: 15/20 levels left

rFire    . . .     SeeInvis +   a - +2 dagger
rCold    . . .     Faith    .   n - +2 buckler
rNeg     . . .     Spirit   .   b - +0 robe
rPois    .         Reflect  .   (helmet restricted)
rElec    .         Harm     .   c - +0 cloak
rCorr    +         Rampage  .   (gloves unavailable)
Will     +....     NoTele   +   (boots unavailable)
Stlth    ++++++++++             j - amulet of invisibility {+Inv}
HPRegen  0.18/turn              q - ring "Vuoved" {rCorr Dex+3 SInv}
MPRegen  0.16/turn              u - ring of New Discoveries {Drain Str-2 Int+6 Dex+8}

@: very slightly contaminated, invisible, very quick
A: very small, no large weapons, unfitting armour, see invisible, speed 3
a: Renounce Religion, Evoke Invisibility, Potion Petition, Call Merchant, Bribe
Branch


You were in the Dungeon.
You worshipped Gozag.
Gozag was pleased with you.
You visited 1 branch You collected 2272 gold pieces.
You spent 1330 gold pieces at shops.

Inventory:

Hand Weapons
 a - a +2 dagger (weapon)
 l - a +0 hunting sling
 m - a +0 rapier of holy wrath
Missiles
 d - 4 poisoned darts (quivered)
 e - 2 curare-tipped darts
 p - 4 stones
Armour
 b - a +0 robe (worn)
 c - a +0 cloak (worn)
 n - a +2 buckler (worn)
 t - +2 storm dragon scales
Jewellery
 j - the amulet of invisibility (around neck) {+Inv}
   (You found it in the Dungeon)

   [amulet of nothing]

   +Inv:      It lets you turn invisible.
 q - the ring "Vuoved" (left hand) {rCorr Dex+3 SInv}
   (You bought it in a shop in the Dungeon)

   [ring of see invisible]

   Dex:       It affects your dexterity (+3).
   SInv:      It lets you see invisible.
   rCorr:     It protects you from acid and corrosion.
 u - the ring of New Discoveries (right hand) {Drain Str-2 Int+6 Dex+8}
   (You bought it in a shop in the Dungeon)

   [ring of intelligence]

   Str:       It affects your strength (-2).
   Int:       It affects your intelligence (+6).
   Dex:       It affects your dexterity (+8).
   Drain:     It drains your maximum health when unequipped.
Scrolls
 k - a scroll of blinking
 o - a scroll of identify
 r - a scroll of silence
 s - a scroll of amnesia
Potions
 f - a potion of curing
 g - a potion of heal wounds
 h - a potion of haste
 i - 2 potions of magic


   Skills:
 * Level 7.1 Fighting
 + Level 5.5 Short Blades
 + Level 4.8 Throwing
 * Level 3.0 Armour
 * Level 10.8 Dodging
 * Level 24.6 Stealth
 * Level 5.3 Shields
 * Level 5.6 Spellcasting
 * Level 5.5 Hexes
 * Level 12.2 Evocations


You had 15 spell levels left.
You knew the following spells:

 Your Spells              Type           Power      Damage    Failure   Level
a - Slow                  Hex            26%        N/A       1%          2
b - Confusing Touch       Hex            26%        N/A       4%          3

Your spell library contained the following spells:

 Spells                   Type           Power      Damage    Failure   Level
 Sandblast                Erth           10%        2d5       14%         1
 Blink                    Tloc           N/A        N/A       21%         2
 Passwall                 Tmut/Erth      4%         N/A       21%         2
 Lesser Beckoning         Tloc           2%         N/A       38%         3
 Yara's Violent Unravell  Hex/Tmut       7%         3d5       75%         5
 Lee's Rapid Deconstruct  Erth           2%         3d6*      98%         5
 Manifold Assault         Tloc           5%         N/A       98%         5


Dungeon Overview and Level Annotations

Branches:
Dungeon (1/1)

Altars:
Cheibriados
Dithmenos
Elyvilon
Gozag
Hepliaklqana
Kikubaaqudgha
Makhleb
Nemelex Xobeh
Okawaru
Qazlal
Ru
Sif Muna
Trog
Uskayaw
Vehumet
Wu Jian
Xom
Yredelemnul
Zin
The Shining One
Beogh
Jiyva
Lugonu

Shops:
D [?[[=[=(


Innate Abilities, Weirdness & Mutations

You are very small and have problems with some larger weapons.
You are too small for most types of armour.
You have supernaturally acute eyesight. (SInv)
You cover ground extremely quickly. (Speed+++)


Message History

The polar bear goes berserk!
Throw: 7 darts (poison)
Press: ? - help, Q - select action, (/) - cycle Shift-Dir - straight line, f/p - spriggan berserker
Aim: a spriggan berserker, wielding a +2 antimagic rapier and wearing a +0 animal skin (51% to hit)
You throw a poisoned dart.
The poisoned dart hits the spriggan berserker!
The spriggan berserker is poisoned.
The spriggan berserker mumbles some strange prayers to Trog.
The spriggan berserker goes berserk!
There is an open door here.
Throw: 6 darts (poison)
Press: ? - help, Q - select action, (/) - cycle Shift-Dir - straight line, f/p - spriggan berserker
Aim: a spriggan berserker, wielding a +2 antimagic rapier and wearing a +0 animal skin (lightly wounded, berserk, very poisoned, 51% to hit)
You throw a poisoned dart.
The poisoned dart hits the spriggan berserker.
The spriggan berserker looks even sicker.
The spriggan berserker is lightly wounded.
The spriggan berserker rages.
There is an open door here.
You block the spriggan berserker's attack.
You hear an angry growl.
The spriggan berserker misses you.
There is an open door here.
Throw: 5 darts (poison)
Press: ? - help, Q - select action, (/) - cycle Shift-Dir - straight line, f/p - spriggan berserker
Aim: a spriggan berserker, wielding a +2 antimagic rapier and wearing a +0 animal skin (lightly wounded, berserk, very poisoned, 51% to hit)
You throw a poisoned dart.
The poisoned dart hits the spriggan berserker!
The spriggan berserker looks as sick as possible!
The spriggan berserker is lightly wounded.
The spriggan berserker hits you with a +2 antimagic rapier!!
* * * LOW HITPOINT WARNING * * *
You feel your power leaking away.
Things that are here:
a +0 quarterstaff; a +0 robe The spriggan berserker misses you.
The spriggan berserker hits you with a +2 antimagic rapier!!
Ouch! That really hurt!
You die...
Your body crumbles into a pile of gold.

#################################
.#.....#.....#.⌠._._._._.⌠.#..'.[
.'.....'.#...'.._._._._._..'..#..
P#.....#.#...#..._._._._...#..###
###########'##.._._._._._..#.)##∩
♣........'...#._._._._._.⌠.######
...♣.....#...###################.
..♣..♣..######♣♣♣♣♣..♣.###.'..'..
###'######..'...@i.♣..♣##..#..#.P
....'.......#♣..♣♣♣.♣).###.##'##.
..###.......#.♣♣..♣...♣(...#♣.♣##
### ########################(....
###..♣..♣. ####...♣.....
......(..♣.$.. ..############


You could see a spriggan berserker (berserk, very poisoned).

Vanquished Creatures
  Agnes (D)
  A spriggan druid (D)
  6 oklob plants (D)
  A demonic crawler (D)
  A queen bee (D)
  3 burning bushes (D)
  A hornet (D)
  3 wandering mushrooms (D)
  3 scorpions (D)
  4 killer bees (D)
  5 oklob saplings (D)
  5 spriggans (D)
  A river rat (D)
  A rat (D)
  A ballistomycete spore (D)
37 creatures vanquished.

Vanquished Creatures (others)
  2 fungi (D)
2 creatures vanquished.

Grand Total: 39 creatures vanquished

Notes
Turn   | Place    | Note
-------+----------+-------------------------------------------
     0 | D        | styxcanada the Spriggan Brigand began the quest for the
                  | Orb.
     0 | D        | Reached XP level 1. HP: 10/10 MP: 2/2
    19 | D        | Reached skill level 7 in Stealth
    19 | D        | Reached XP level 2. HP: 15/15 MP: 3/3
    39 | D        | Noticed an oklob sapling
    48 | D        | Killed an oklob sapling
    49 | D        | Reached skill level 9 in Stealth
    49 | D        | Reached XP level 3. HP: 19/19 MP: 4/4
    95 | D        | Noticed a scorpion
    95 | D        | Found the amulet of invisibility {+Inv}
    97 | D        | Killed a scorpion
    98 | D        | Reached skill level 12 in Stealth
    98 | D        | Reached XP level 4. HP: 23/23 MP: 5/5
   121 | D        | Found an opulent altar of Gozag.
   121 | D        | Found a hazy altar of Hepliaklqana.
   121 | D        | Found a burning altar of Makhleb.
   121 | D        | Found a sparkling altar of Nemelex Xobeh.
   121 | D        | Found a snail-covered altar of Cheibriados.
   121 | D        | Found a sacrificial altar of Ru.
   121 | D        | Found a shimmering blue altar of Sif Muna.
   121 | D        | Found a shimmering altar of Xom.
   121 | D        | Found a basalt altar of Yredelemnul.
   122 | D        | Found a viscous altar of Jiyva.
   122 | D        | Found a bloodstained altar of Trog.
   122 | D        | Found an ornate altar of the Wu Jian Council.
   123 | D        | Found an iron altar of Okawaru.
   123 | D        | Found a shadowy altar of Dithmenos.
   123 | D        | Found a glowing silver altar of Zin.
   124 | D        | Found an ancient bone altar of Kikubaaqudgha.
   124 | D        | Found a hide-covered altar of Uskayaw.
   125 | D        | Found a stormy altar of Qazlal.
   125 | D        | Found a white marble altar of Elyvilon.
   125 | D        | Found a glowing golden altar of the Shining One.
   126 | D        | Became a worshipper of Gozag Ym Sagoz the Greedy
   127 | D        | Found a corrupted altar of Lugonu.
   127 | D        | Found a radiant altar of Vehumet.
   131 | D        | Reached skill level 13 in Stealth
   131 | D        | Reached skill level 1 in Evocations
   131 | D        | Reached XP level 5. HP: 28/28 MP: 3/6
   193 | D        | Reached skill level 5 in Dodging
   199 | D        | Reached skill level 14 in Stealth
   200 | D        | Reached skill level 15 in Stealth
   202 | D        | Reached XP level 6. HP: 33/33 MP: 5/7
   230 | D        | Found Caoc's Magic Scroll Shop.
   231 | D        | Found Xainiwyu's Antique Armour Emporium.
   236 | D        | Bought a shiny buckler for 142 gold pieces
   237 | D        | Bought 2 scrolls of identify for 52 gold pieces
   264 | D        | Noticed a burning bush
   264 | D        | Noticed a wandering mushroom
   265 | D        | Noticed a wandering mushroom
   268 | D        | Killed a burning bush
   269 | D        | Reached skill level 17 in Stealth
   269 | D        | Reached skill level 1 in Shields
   269 | D        | Killed a wandering mushroom
   270 | D        | Reached skill level 18 in Stealth
   270 | D        | Reached skill level 5 in Evocations
   270 | D        | Reached XP level 7. HP: 38/38 MP: 5/8
   270 | D        | Killed a wandering mushroom
   273 | D        | Reached skill level 5 in Fighting
   273 | D        | Reached skill level 19 in Stealth
   287 | D        | Found Mef Ogunt's Antique Armour Emporium.
   287 | D        | Found Dakoczar's Jewellery Shoppe.
   292 | D        | Bought the ring "Vuoved" {rCorr Dex+3 SInv} for 339 gold
                  | pieces
   359 | D        | Noticed a queen bee
   366 | D        | Killed a queen bee
   367 | D        | Reached XP level 8. HP: 43/43 MP: 7/9
   371 | D        | Reached skill level 20 in Stealth
   425 | D        | Noticed an oklob plant
   428 | D        | Killed an oklob plant
   443 | D        | Noticed a burning bush
   446 | D        | Killed a burning bush
   447 | D        | Reached skill level 21 in Stealth
   447 | D        | Reached XP level 9. HP: 48/48 MP: 8/10
   462 | D        | Learned a level 2 spell: Slow
   466 | D        | Learned a level 3 spell: Confusing Touch
   496 | D        | Noticed a burning bush
   496 | D        | Noticed an oklob plant
   497 | D        | Noticed a wandering mushroom
   498 | D        | Killed a burning bush
   499 | D        | Reached skill level 1 in Spellcasting
   499 | D        | Reached skill level 1 in Hexes
   503 | D        | Killed an oklob plant
   504 | D        | Reached skill level 22 in Stealth
   507 | D        | Killed a wandering mushroom
   581 | D        | Noticed a spriggan druid
   583 | D        | Killed a spriggan druid
   584 | D        | Reached skill level 10 in Evocations
   678 | D        | Noticed an oklob plant conjurer
   679 | D        | Killed an oklob plant conjurer
   680 | D        | Reached skill level 5 in Short Blades
   680 | D        | Reached skill level 1 in Armour
   765 | D        | Noticed an oklob plant
   765 | D        | Noticed an oklob plant summoner
   766 | D        | Noticed an oklob plant shifter
   770 | D        | Killed an oklob plant
   771 | D        | Reached skill level 23 in Stealth
   771 | D        | Reached XP level 10. HP: 53/53 MP: 13/16
   772 | D        | Killed an oklob plant summoner
   773 | D        | Reached skill level 10 in Dodging
   775 | D        | Killed an oklob plant shifter
   864 | D        | Noticed a spriggan rider
   865 | D        | Found Ceguapho's Jewellery Emporium.
   869 | D        | Found Fiheih's Antique Weapon Shoppe.
   873 | D        | Killed a spriggan rider
   874 | D        | Reached skill level 24 in Stealth
   874 | D        | Reached skill level 5 in Shields
   877 | D        | Bought the ring of New Discoveries {Drain Str-2 Int+6
                  | Dex+8} for 797 gold pieces
   924 | D        | Noticed Agnes
   926 | D        | Found Rugaow's Antique Armour Emporium.
   926 | D        | Noticed a spriggan berserker
   928 | D        | Found Sayhe's Armour Shoppe.
   930 | D        | Killed Agnes
   931 | D        | Reached skill level 5 in Spellcasting
   931 | D        | Reached skill level 5 in Hexes
   955 | D        | Demolished by a spriggan berserker

Illustrated notes

Levels and vault maps discovered:
D:        dungeon_sprint_fedhas [sprint_temple]

Skill      XL: |  1  2  3  4  5  6  7  8  9 10 |
---------------+-------------------------------+-----
Fighting       | 2 3 4 5 6 7 |  7.1
Dodging        | 2 3 4 5 7 8 9 10 | 10.8
Stealth        | 7 9 12 13 15 18 19 21 23 24 | 24.6
Short Blades   | 3 4 5 |  5.5
Throwing       | 3 4 |  4.8
Evocations     | 1 3 5 6 8 10 12 | 12.2
Shields        | 2 3 4 5 |  5.3
Spellcasting   | 3 5 |  5.6
Hexes          | 3 5 |  5.5
Armour         | 1 3 |  3.0

Action                   |  1- 3 |  4- 6 |  7- 9 | 10-12 || total
-------------------------+-------+-------+-------+-------++-------
Melee: Dagger            |    13 |     7 |    18 |     7 ||    45
Throw: Dart              |     8 |       |       |     4 ||    12
 Abil: Evoke Invisibilit |       |     3 |     6 |     2 ||    11
  Use: Potion            |     1 |       |       |       ||     1
       Scroll            |       |       |       |     2 ||     2
 Stab: Sleeping          |     1 |     7 |    18 |     7 ||    33
Dodge: Dodged            |     4 |       |       |     2 ||     6
Block: Buckler           |       |       |       |     1 ||     1
